 Dungeon Crawl Stone Soup version 0.24.0-125-gc4c63601f3 (webtiles) character file.

Game seed: 18078254971435636734, levelgen mode: deterministic

27 Jerry the Skirmisher (level 3, 0/20 HPs)
             Began as a Vine Stalker Fighter on Feb 19, 2020.
             Succumbed to an adder's poison
             ... on level 2 of the Dungeon.
             The game lasted 00:03:14 (993 turns).

Jerry the Skirmisher (Vine Stalker Fighter)          Turns: 993, Time: 00:03:14

Health: 0/20       AC:  6    Str: 17 (19) XL:     3   Next: 10%
Magic:  4/4        EV:  9    Int:  6 (8)  God:
Gold:   99         SH:  0    Dex: 11 (13) Spells: 2/2 levels left

rFire    . . .     SeeInvis .   a - +0 flail
rCold    . . .     Gourm    .   (no shield)
rNeg     . . .     Faith    .   b - +0 scale mail
rPois    .         Spirit   +   (no helmet)
rElec    .         Reflect  +   (no cloak)
rCorr    .         Harm     .   (no gloves)
MR       .....                  (no boots)
Stlth    ..........             h - +2 amulet of reflection
HPRegen  0.06/turn              (no ring)
MPRegen  0.09/turn              (no ring)

@: confused, lethally poisoned (0 -> -3)
A: fangs 2, magic shield, antimagic bite, no potion heal 3, rot immunity
a: no special abilities


You were on level 2 of the Dungeon.
You were not hungry.

You visited 1 branch of the dungeon, and saw 2 of its levels.

You collected 99 gold pieces.

Inventory:

Hand Weapons
 a - a +0 flail (weapon)
Armour
 b - a +0 scale mail (worn)
 c - a +0 shield
Jewellery
 h - a +2 amulet of reflection (around neck)
Scrolls
 e - a scroll of teleportation {unknown}
 g - a scroll of identify {unknown}
 k - a scroll of enchant armour {unknown}
 l - a scroll of fog {unknown}
 m - a scroll of amnesia {unknown}
Potions
 d - a potion of might
Comestibles
 f - 4 rations


   Skills:
 + Level 3.0 Fighting
 * Level 2.5 Maces & Flails
 + Level 2.7 Armour
 - Level 2.7 Shields


You had 2 spell levels left.
You didn't know any spells.
Your spell library was empty.

Dungeon Overview and Level Annotations

Branches:
Dungeon (2/15)

Altars:


Innate Abilities, Weirdness & Mutations

You have extremely sharp teeth.
When hurt, damage is shared between your health and your magic reserves.
Your bite disrupts and absorbs the magic of your enemies.
Potions cannot restore your health.
You are immune to rotting.


Message History

You miss the adder. Your bite misses the adder.
The adder is severely wounded.
The adder bites you.
* * * LOW HITPOINT WARNING * * *
You barely miss the adder.
The adder is severely wounded.
* * * LOW HITPOINT WARNING * * *
You feel sick. The adder bites you.
* * * LOW HITPOINT WARNING * * *
The adder bites you.
* * * LOW HITPOINT WARNING * * *
It was a potion of degeneration.
There was something very wrong with that liquid.
You feel weakened.
You feel dopey.
You feel clumsy. The adder closely misses you.
It was a potion of ambrosia.
You are confused.
Your system rejects the healing.
You feel invigorated. The adder closely misses you.
You die...

#########
#.......#
#.#####.# #..#
####.#####.#
.....
#.S.@...##.#
.#..#
......##.##.##.#
....# ..###
#.##.##.# <...#
#.......# ..#.#
####.####
#.#.#### #...#
.......######
#...#
....##).....#
#...#
#[#.##......#
###.#


You could see an adder.

Vanquished Creatures
  A dart slug (D:1)
  A leopard gecko (D:2)
  4 giant cockroaches
  2 goblins
  A hobgoblin (D:2)
  3 bats
  6 kobolds
  5 rats
23 creatures vanquished.

Notes
Turn   | Place    | Note
-------+----------+-------------------------------------------
     0 | D:1      | Jerry the Vine Stalker Fighter began the quest for the Orb.
     0 | D:1      | Reached XP level 1. HP: 11/11 MP: 2/2
   273 | D:1      | Reached XP level 2. HP: 16/16 MP: 3/3
   918 | D:2      | Reached XP level 3. HP: 19/19 MP: 4/4
   930 | D:2      | Reached skill level 3 in Fighting
   990 | D:2      | HP: 1/20 [adder (1)]
   993 | D:2      | Succumbed to an adder's poison

Levels and vault maps discovered:
D:1:      tarquinn_simple_flora_water_b, layout_basic
D:2:      layout_loops_cross, serial_forest, infiniplex_forest_lined_2,
          infiniplex_forest_lined_ring, infiniplex_forest_lined_3,
          infiniplex_forest_end_2, infiniplex_forest_clump_large,
          minmay_tetromino_i2

Skill      XL: |  1  2  3 |
---------------+----------+-----
Maces & Flails | 2 |  2.5
Fighting       | 3 |  3.0
Armour         | |  2.7
Shields        | |  2.7

Action                   || total
-------------------------++-------
Melee: Flail             ||    56
       Bite              ||     9
  Use: Potion            ||     2
Armor: Scale mail        ||    27
Dodge: Dodged            ||    40
Block: Other             ||     2
